 Dungeon Sprint DCSS version 0.17-a0-2055-gb4e23be (webtiles) character file.

36500 Goblin1989 the Warrior (level 14, -2/130 HPs)
             Began as a Formicid Fighter on Oct 11, 2015.
             Was the Champion of Cheibriados.
             Slain by an entropy weaver (7 damage)
             ... in the Dungeon (Sprint IX: "|||||||||||||||||||||||||||||").
             The game lasted 00:26:11 (4239 turns).

Goblin1989 the Warrior (Formicid Fighter)           Turns: 4239, Time: 00:26:11

Health: -2/130     AC:  7    Str: 39    XL:     14   Next: 24%
Magic:  27/27      EV: 14    Int: 29    God:    Cheibriados [******]
Gold:   305        SH: 28    Dex: 25    Spells: 1 memorised, 9 levels left

rFire  . . .     SeeInvis +     a - +0 dire flail
rCold  . . .     Clarity  .     D - +2 crystal plate armour
rNeg   . . .     SustAt   .     E - +2 large shield "Ippeoxarun" {-Tele Int+4}
rPois  +         Gourm    .     (helmet unavailable)
rElec  .         Spirit   .     C - +1 cloak
rCorr  .         Warding  .     (no gloves)
rMut   .         Stasis   +     u - +0 pair of boots
MR     +....                    (no amulet)
Stlth  ..........               h - +4 ring of evasion
                                y - ring of poison resistance

@: flayed, corroded equipment, very slow, somewhat resistant to hostile
enchantments, extremely unstealthy
A: permanent stasis, dig shafts and tunnels, four strong arms, antennae 3
a: Dig, Bend Time, Temporal Distortion, Slouch, Step From Time, Renounce
Religion


You were in the Dungeon.
You worshipped Cheibriados.
Cheibriados was exalted by your worship.
You were not hungry.

You visited 1 branch You collected 1900 gold pieces.
You spent 1595 gold pieces at shops.

Inventory:

Hand Weapons
 a - a +0 dire flail (weapon)
Armour
 u - a +0 pair of boots (worn)
 C - a +1 cloak (worn)
 D - a +2 crystal plate armour (worn)
 E - the +2 large shield "Ippeoxarun" (worn) {-Tele Int+4}
   (You found it in the Dungeon)

   It affects your intelligence (+4).
   It prevents most forms of teleportation.
Magical Staves
 o - an uncursed staff of energy
Rods
 b - a +7 rod of clouds (12/12)
   (You found it in the Dungeon)
Jewellery
 h - a +4 ring of evasion (right hand)
 y - a ring of poison resistance (left hand)
 B - an uncursed ring of protection from magic
Wands
 c - a wand of digging (10)
 n - a wand of draining (1)
Scrolls
 d - 3 scrolls of recharging
 l - 4 scrolls of remove curse
 m - 2 scrolls of amnesia
 G - a scroll of identify
 H - 2 scrolls of enchant armour
 I - a scroll of fear
Potions
 f - 8 potions of curing
 g - 5 potions of heal wounds
 i - 4 potions of magic
 p - a potion of brilliance
 F - a potion of might
Miscellaneous
 v - a fan of gales
 w - a lamp of fire
 x - a box of beasts
Comestibles
 e - 12 bread rations
 j - 13 meat rations
 k - 37 fruits


   Skills:
 + Level 18.0 Fighting
 - Level 16.1 Maces & Flails
 + Level 16.6 Armour
 + Level 2.8 Dodging
 - Level 17.5 Shields
 - Level 8.7 Invocations
 * Level 18.0 Evocations


You had 9 spell levels left.
You knew the following spells:

 Your Spells              Type           Power        Failure   Level  Hunger
a - Passage of Golubria   Tloc           N/A          100%        4    #####..


Dungeon Overview and Level Annotations

Branches:
Dungeon (1/1)

Altars:
Cheibriados
Dithmenos
Elyvilon
Fedhas
Gozag
Kikubaaqudgha
Makhleb
Nemelex Xobeh
Okawaru
Qazlal
Ru
Sif Muna
Trog
Vehumet
Xom
Yredelemnul
Zin
The Shining One
Beogh
Jiyva
Lugonu

Shops:
D ?=}?


Innate Abilities, Weirdness & Mutations

You are under a permanent stasis effect.
You can dig through walls and to a lower floor.
Your four strong arms can wield two-handed weapons with a shield.
You have a pair of large antennae on your head (SInv).


Message History

You hit the entropy weaver but do no damage.
The entropy weaver is heavily wounded.
You block the vampire knight's attack. The vampire knight bites you.
The spriggan air mage waves its arms in wide circles.
The air twists around and strikes you!
* * * LOW HITPOINT WARNING * * *
You hit the entropy weaver but do no damage.
The entropy weaver is heavily wounded.
You block the entropy weaver's attack. x2
The entropy weaver misses you. The entropy weaver hits you!
* * * LOW HITPOINT WARNING * * *
You closely miss the entropy weaver.
The entropy weaver is heavily wounded.
The vampire knight hits you with a war axe!!
* * * LOW HITPOINT WARNING * * *
The vampire knight bites you.
* * * LOW HITPOINT WARNING * * *
You block the entropy weaver's attack. x2
The entropy weaver hits you!
You die...

,,,+,,,,,,,,,,,,,+,,,,,,,*
************************,*
,,,,,,,,,,,,,,,,,,,,,,,,,*
**************************
,,,,,,,,,,,,+,,,,,,,,,,,,*
************************,*
,,,,,,,,,,,,,,,,,,,,,,,,,*
*▓▓▓▓▓▓▓▓▓▓▓▓▓▓▓▓▓▓▓▓▓▓▓▓▓
{ic.pcQT§...Wicp@V(((((..▓
▓▓▓▓▓▓▓▓▓▓▓▓▓▓▓▓▓▓▓▓▓▓▓▓.▓
........)................▓
▓▓▓▓▓▓▓▓▓▓▓▓▓▓▓▓▓▓▓▓▓▓▓▓▓▓
†....)).§§...............▓
▓▓▓▓▓▓▓▓▓▓▓▓▓▓▓▓▓▓▓▓▓▓▓▓.▓
.....)...................▓
▓▓▓▓▓▓▓▓▓▓▓▓▓▓▓▓▓▓▓▓▓▓▓▓▓▓
..))))))))....='.........▓


You could see a vampire knight, an entropy weaver, a flayed ghost, a centaur
warrior and a spriggan air mage.

Vanquished Creatures
  A greater naga (D)
  An emperor scorpion (D)
  2 ettins (D)
  Snorg (D)
  A yaktaur captain (D)
  Josephine (D)
  Harold (D)
  An entropy weaver (D)
  A ghost crab (D)
  3 centaur warriors (D)
  A merfolk aquamancer (D)
  A tengu warrior (D)
  An anaconda (D)
  An orc high priest (D)
  A shock serpent (D)
  Urug (D)
  2 naga sharpshooters (D)
  A deep troll shaman (D)
  A hell knight (D)
  2 giant orange brains (D)
  An unseen horror (D)
  2 lindwurms (D)
  A hill giant (D)
  9 orc knights (D)
  An orb spider (D)
  A harpy (D)
  A wolf spider (D)
  An ugly thing (D)
  A manticore (D)
  A griffon (D)
  A water nymph (D)
  A hornet (D)
  2 sirens (D)
  A cyclops (D)
  4 black mambas (D)
  Psyche (D)
  A gargoyle (D)
  A spiny frog (D)
  2 merfolk (D)
  A troll (D)
  A freezing wraith (D)
  A tarantella (D)
  A wyvern (D)
  2 redbacks (D)
  5 wraiths (D)
  3 trapdoor spiders (D)
  A basilisk (D)
  A hippogriff (D)
  2 hungry ghosts (D)
  A wolf (D)
  3 nagas (D)
  A water moccasin (D)
  4 porcupines (D)
  17 orc warriors (D)
  An ogre (D)
  A swamp drake (D)
  2 crocodiles (D)
  A big kobold (D)
  3 brain worms (D)
  3 giant frogs (D)
  A scorpion (D)
  An iguana (D)
  3 orc priests (D)
  A worker ant (D)
  An adder skeleton (D)
  3 worms (D)
  11 orcs (D)
  A bat zombie (D)
  A jackal (D)
  A giant gecko zombie (D)
  A goblin (D)
  2 kobolds (D)
  2 rats (D)
142 creatures vanquished.

Vanquished Creatures (collateral kills)
  An alligator (D)
  A vampire mosquito (D)
2 creatures vanquished.

Vanquished Creatures (others)
  An alligator (D)
  A slime creature (D)
  An insubstantial wisp (D)
  A swamp drake (D)
  A wasp (D)
5 creatures vanquished.

Grand Total: 149 creatures vanquished

Notes
Turn   | Place    | Note
--------------------------------------------------------------
     0 | D        | Goblin1989 the Formicid Fighter began the quest for the Orb.
     0 | D        | Reached XP level 1. HP: 18/18 MP: 1/1
    22 | D        | Noticed a scorpion
    22 | D        | Noticed a worker ant
    24 | D        | Reached skill level 4 in Maces & Flails
    29 | D        | Killed a worker ant
    29 | D        | Reached skill level 6 in Maces & Flails
    29 | D        | Reached XP level 2. HP: 17/24 MP: 2/2
    29 | D        | Reached XP level 3. HP: 20/29 MP: 3/3
    45 | D        | Killed a scorpion
    45 | D        | Reached skill level 8 in Maces & Flails
    45 | D        | Reached XP level 4. HP: 9/35 MP: 4/4
   300 | D        | Found a glowing silver altar of Zin.
   300 | D        | Found a glowing golden altar of the Shining One.
   300 | D        | Found an ancient bone altar of Kikubaaqudgha.
   300 | D        | Found a basalt altar of Yredelemnul.
   300 | D        | Found a shimmering altar of Xom.
   300 | D        | Found a radiant altar of Vehumet.
   301 | D        | Found an iron altar of Okawaru.
   302 | D        | Found a burning altar of Makhleb.
   303 | D        | Found a deep blue altar of Sif Muna.
   304 | D        | Found a bloodstained altar of Trog.
   305 | D        | Found a sparkling altar of Nemelex Xobeh.
   306 | D        | Found a white marble altar of Elyvilon.
   307 | D        | Found a roughly hewn altar of Beogh.
   308 | D        | Found a viscous altar of Jiyva.
   309 | D        | Found a corrupted altar of Lugonu.
   310 | D        | Found a blossoming altar of Fedhas.
   311 | D        | Found a snail-covered altar of Cheibriados.
   312 | D        | Found a shadowy altar of Dithmenos.
   313 | D        | Found a stormy altar of Qazlal.
   314 | D        | Found an opulent altar of Gozag.
   315 | D        | Found a sacrificial altar of Ru.
   321 | D        | Became a worshipper of Cheibriados the Contemplative
   386 | D        | Noticed an ogre
   386 | D        | Noticed a big kobold
   399 | D        | Killed a big kobold
   399 | D        | Acquired Cheibriados's first power
   399 | D        | Reached skill level 10 in Maces & Flails
   399 | D        | Reached XP level 5. HP: 41/41 MP: 5/5
   403 | D        | Killed an ogre
   403 | D        | Reached skill level 11 in Maces & Flails
   403 | D        | Reached XP level 6. HP: 47/47 MP: 6/6
   405 | D        | Reached skill level 12 in Maces & Flails
   408 | D        | Noticed a trapdoor spider
   413 | D        | Killed a trapdoor spider
   413 | D        | Reached skill level 5 in Fighting
   413 | D        | Reached skill level 5 in Shields
   413 | D        | Reached XP level 7. HP: 34/56 MP: 6/9
   646 | D        | Noticed a gargoyle
   646 | D        | Noticed a centaur warrior
   646 | D        | Noticed a hungry ghost
   646 | D        | Noticed a troll
   646 | D        | Noticed a hill giant
   646 | D        | Noticed a cyclops
   651 | D        | Killed a hill giant
   651 | D        | Reached skill level 5 in Invocations
   651 | D        | Reached XP level 8. HP: 61/69 MP: 9/12
   652 | D        | Killed a cyclops
   652 | D        | Acquired Cheibriados's second power
   652 | D        | Reached skill level 13 in Maces & Flails
   656 | D        | Killed a troll
   656 | D        | Reached XP level 9. HP: 53/78 MP: 9/14
   659 | D        | Killed a hungry ghost
   659 | D        | Acquired Cheibriados's third power
   659 | D        | Reached skill level 10 in Fighting
   667 | D        | Killed a centaur warrior
   671 | D        | Killed a gargoyle
  1120 | D        | Identified a +7 rod of clouds (12/12) (You found it in the Dungeon)
  1133 | D        | Noticed a porcupine
  1133 | D        | Noticed a hippogriff
  1133 | D        | Noticed a giant frog
  1133 | D        | Noticed a porcupine
  1133 | D        | Noticed a black mamba
  1133 | D        | Noticed an iguana
  1136 | D        | Killed an iguana
  1136 | D        | Acquired Cheibriados's fourth power
  1141 | D        | Noticed a giant frog
  1142 | D        | Killed a black mamba
  1142 | D        | Reached XP level 10. HP: 79/89 MP: 16/16
  1144 | D        | Killed a porcupine
  1149 | D        | Killed a porcupine
  1149 | D        | Reached skill level 10 in Shields
  1150 | D        | Noticed a crocodile
  1153 | D        | Killed a giant frog
  1154 | D        | Killed a hippogriff
  1156 | D        | Noticed a porcupine
  1157 | D        | Killed a giant frog
  1158 | D        | Killed a porcupine
  1159 | D        | Killed a crocodile
  1159 | D        | Reached skill level 5 in Evocations
  1256 | D        | Noticed a giant frog
  1256 | D        | Noticed a black mamba
  1256 | D        | Noticed a wyvern
  1256 | D        | Noticed a spiny frog
  1256 | D        | Noticed a black mamba
  1256 | D        | Noticed a wolf
  1260 | D        | Noticed a crocodile
  1260 | D        | Killed a wolf
  1263 | D        | Killed a black mamba
  1263 | D        | Reached skill level 14 in Maces & Flails
  1263 | D        | Killed a wyvern
  1267 | D        | Killed a spiny frog
  1267 | D        | Reached skill level 10 in Armour
  1268 | D        | Killed a giant frog
  1271 | D        | Killed a crocodile
  1277 | D        | Killed a black mamba
  1423 | D        | Noticed a porcupine
  1424 | D        | Noticed a water moccasin
  1425 | D        | Killed a porcupine
  1428 | D        | Killed a water moccasin
  1450 | D        | Noticed a brain worm
  1450 | D        | Noticed a brain worm
  1450 | D        | Noticed a lindwurm
  1450 | D        | Noticed a lindwurm
  1450 | D        | Noticed a brain worm
  1454 | D        | Killed a brain worm
  1464 | D        | Killed a lindwurm
  1464 | D        | Reached skill level 15 in Maces & Flails
  1473 | D        | Killed a lindwurm
  1473 | D        | Reached XP level 11. HP: 22/98 MP: 17/17
  1482 | D        | Killed a brain worm
  1483 | D        | Killed a brain worm
  1794 | D        | Learned a level 4 spell: Passage of Golubria
  1845 | D        | Noticed Harold
  1857 | D        | Killed Harold
  2008 | D        | Noticed an orc priest
  2008 | D        | Noticed an orc priest
  2008 | D        | Noticed an orc warrior
  2012 | D        | Noticed an orc knight
  2016 | D        | Killed an orc warrior
  2021 | D        | Killed an orc priest
  2029 | D        | Noticed an orc priest
  2032 | D        | Killed an orc knight
  2036 | D        | Killed an orc priest
  2041 | D        | Killed an orc priest
  2287 | D        | Noticed an orc warrior
  2287 | D        | Noticed an orc warrior
  2287 | D        | Noticed an orc warrior
  2287 | D        | Noticed an orc warrior
  2287 | D        | Noticed an orc warrior
  2287 | D        | Noticed an orc warrior
  2291 | D        | Killed an orc warrior
  2295 | D        | Killed an orc warrior
  2295 | D        | Reached skill level 16 in Maces & Flails
  2299 | D        | Killed an orc warrior
  2309 | D        | Killed an orc warrior
  2310 | D        | Noticed an orc warrior
  2314 | D        | Noticed an orc warrior
  2320 | D        | Noticed an orc high priest
  2320 | D        | Killed an orc warrior
  2321 | D        | Noticed an orc warrior
  2326 | D        | Killed an orc warrior
  2328 | D        | Killed an orc warrior
  2330 | D        | Killed an orc warrior
  2338 | D        | Killed an orc high priest
  2343 | D        | Killed an orc warrior
  2344 | D        | Noticed an orc knight
  2345 | D        | Noticed an orc warrior
  2356 | D        | Killed an orc knight
  2362 | D        | Killed an orc warrior
  2429 | D        | Found Fiph's Magic Scroll Boutique.
  2429 | D        | Noticed an orc knight
  2429 | D        | Noticed an orc knight
  2429 | D        | Noticed an orc warrior
  2429 | D        | Noticed an orc knight
  2429 | D        | Noticed an orc knight
  2430 | D        | Noticed an orc knight
  2431 | D        | Noticed an orc warrior
  2443 | D        | Killed an orc knight
  2444 | D        | Found Rewni's Gadget Shop.
  2445 | D        | Noticed an orc warrior
  2448 | D        | Killed an orc knight
  2454 | D        | Killed an orc knight
  2464 | D        | Killed an orc knight
  2464 | D        | Reached XP level 12. HP: 51/108 MP: 18/18
  2477 | D        | Killed an orc knight
  2478 | D        | Found Nipefuso's Jewellery Boutique.
  2484 | D        | Killed an orc warrior
  2488 | D        | Killed an orc warrior
  2495 | D        | Killed an orc warrior
  2496 | D        | Found Xedish's Magic Scroll Shop.
  2498 | D        | Noticed an orc knight
  2499 | D        | Noticed an orc warrior
  2517 | D        | HP: 2/108 [orc knight/great sword (6)]
  2518 | D        | Killed an orc knight
  2518 | D        | Reached skill level 10 in Evocations
  2524 | D        | Killed an orc warrior
  2533 | D        | Noticed an orc warrior
  2540 | D        | HP: 1/108 [orc warrior/dire flail (10)]
  2542 | D        | Killed an orc warrior
  2613 | D        | Noticed an orc warrior
  2728 | D        | Killed an orc warrior
  2822 | D        | Noticed an orc knight
  2835 | D        | Killed an orc knight
  2974 | D        | Bought a fan of gales for 520 gold pieces
  2974 | D        | Bought a lamp of fire for 520 gold pieces
  2974 | D        | Bought a box of beasts for 260 gold pieces
  2976 | D        | Bought an uncursed ring of poison resistance for 260 gold pieces
  2978 | D        | Bought a scroll of magic mapping for 35 gold pieces
  3006 | D        | Noticed Urug
  3018 | D        | Killed Urug
  3018 | D        | Reached skill level 15 in Fighting
  3140 | D        | Got the +2 large shield "Ippeoxarun" {-Tele Int+4}
  3188 | D        | Noticed a cyan ugly thing
  3188 | D        | Noticed a freezing wraith
  3188 | D        | Noticed a griffon
  3188 | D        | Noticed a basilisk
  3188 | D        | Noticed a hungry ghost
  3194 | D        | Noticed an unseen horror
  3195 | D        | Killed a hungry ghost
  3196 | D        | Noticed a centaur warrior
  3204 | D        | Killed a griffon
  3206 | D        | Killed a basilisk
  3210 | D        | Killed a freezing wraith
  3211 | D        | Killed a cyan ugly thing
  3212 | D        | Noticed a giant orange brain
  3214 | D        | Killed an unseen horror
  3215 | D        | Noticed a yaktaur captain
  3237 | D        | Killed a centaur warrior
  3246 | D        | Killed a giant orange brain
  3260 | D        | Killed a yaktaur captain
  3260 | D        | Reached skill level 15 in Shields
  3263 | D        | Noticed a giant orange brain
  3269 | D        | Killed a giant orange brain
  3278 | D        | Noticed an entropy weaver
  3281 | D        | Noticed a hell knight
  3282 | D        | Noticed an ettin
  3282 | D        | Noticed an ettin
  3298 | D        | Killed an entropy weaver
  3303 | D        | Killed an ettin
  3303 | D        | Reached XP level 13. HP: 67/117 MP: 21/23
  3309 | D        | Killed an ettin
  3315 | D        | Killed a hell knight
  3429 | D        | Noticed a wraith
  3430 | D        | Noticed a wraith
  3439 | D        | Killed a wraith
  3440 | D        | Noticed Josephine
  3441 | D        | Noticed a wraith
  3443 | D        | Killed a wraith
  3444 | D        | Noticed a wraith
  3445 | D        | Noticed a wraith
  3450 | D        | Killed Josephine
  3453 | D        | Killed a wraith
  3456 | D        | Killed a wraith
  3459 | D        | Killed a wraith
  3493 | D        | Noticed a siren
  3493 | D        | Noticed a merfolk
  3493 | D        | Noticed a harpy
  3493 | D        | Noticed a merfolk aquamancer
  3493 | D        | Noticed a siren
  3494 | D        | Noticed a merfolk
  3501 | D        | Killed a merfolk aquamancer
  3502 | D        | Noticed a water nymph
  3502 | D        | Killed a siren
  3502 | D        | Reached skill level 15 in Armour
  3502 | D        | Killed a merfolk
  3503 | D        | Noticed a manticore
  3508 | D        | Killed a harpy
  3510 | D        | Killed a merfolk
  3515 | D        | Killed a siren
  3515 | D        | Reached skill level 15 in Evocations
  3518 | D        | Killed a water nymph
  3525 | D        | Killed a manticore
  3651 | D        | Noticed a slime creature
  3651 | D        | Noticed a wasp
  3651 | D        | Noticed a swamp drake
  3651 | D        | Noticed a ghost crab
  3651 | D        | Noticed an alligator
  3651 | D        | Noticed an insubstantial wisp
  3653 | D        | Killed an insubstantial wisp
  3653 | D        | Killed a wasp
  3654 | D        | Killed a swamp drake
  3654 | D        | Killed an alligator
  3656 | D        | Killed a slime creature
  3658 | D        | Killed a vampire mosquito
  3660 | D        | Noticed an alligator
  3664 | D        | Noticed a swamp drake
  3665 | D        | Killed an alligator
  3670 | D        | Killed a ghost crab
  3678 | D        | Killed a swamp drake
  3689 | D        | Noticed a hornet
  3689 | D        | Noticed a redback
  3689 | D        | Noticed an emperor scorpion
  3689 | D        | Noticed a tarantella
  3689 | D        | Noticed a redback
  3689 | D        | Noticed a trapdoor spider
  3691 | D        | Killed a redback
  3692 | D        | Killed a tarantella
  3695 | D        | Killed a redback
  3695 | D        | Reached skill level 17 in Fighting
  3698 | D        | Killed a hornet
  3712 | D        | Killed an emperor scorpion
  3731 | D        | Noticed a wolf spider
  3732 | D        | Noticed a trapdoor spider
  3733 | D        | Noticed an orb spider
  3741 | D        | Killed a wolf spider
  3745 | D        | Killed a trapdoor spider
  3758 | D        | Killed an orb spider
  3766 | D        | Killed a trapdoor spider
  3774 | D        | Noticed a black mamba
  3774 | D        | Noticed a greater naga
  3774 | D        | Noticed a naga
  3774 | D        | Noticed an anaconda
  3774 | D        | Noticed a naga sharpshooter
  3774 | D        | Noticed a naga
  3775 | D        | Noticed a shock serpent
  3787 | D        | Killed a naga sharpshooter
  3789 | D        | Killed an anaconda
  3790 | D        | Noticed a naga sharpshooter
  3796 | D        | Noticed a naga
  3806 | D        | Killed a greater naga
  3808 | D        | Killed a naga
  3812 | D        | Killed a naga
  3812 | D        | Reached XP level 14. HP: 70/128 MP: 26/26
  3817 | D        | Killed a shock serpent
  3822 | D        | Killed a black mamba
  3829 | D        | Killed a naga sharpshooter
  3835 | D        | Killed a naga
  4106 | D        | Noticed Snorg
  4117 | D        | Killed Snorg
  4117 | D        | Reached skill level 1 in Dodging
  4130 | D        | Noticed Psyche
  4135 | D        | Killed Psyche
  4171 | D        | Noticed a spriggan air mage
  4171 | D        | Noticed a centaur warrior
  4171 | D        | Noticed an entropy weaver
  4171 | D        | Noticed a centaur warrior
  4171 | D        | Noticed a tengu warrior
  4171 | D        | Noticed a deep troll shaman
  4201 | D        | Killed a deep troll shaman
  4202 | D        | Killed a tengu warrior
  4202 | D        | Reached skill level 18 in Fighting
  4222 | D        | Noticed a vampire knight
  4226 | D        | Noticed a flayed ghost
  4226 | D        | Killed a centaur warrior
  4239 | D        | HP: 5/130 [vampire knight/war axe (3)]
  4239 | D        | Slain by an entropy weaver

Vault maps used:
D:        linesprint

Action                   |  1- 3 |  4- 6 |  7- 9 | 10-12 | 13-15 || total
-------------------------+-------+-------+-------+-------+-------++-------
Melee: Flail             |    30 |       |       |       |       ||    30
       Morningstar       |       |    22 |    25 |   143 |       ||   190
       Dire flail        |       |       |       |   175 |   207 ||   382
Evoke: Wand              |       |       |     6 |       |       ||     6
       Rod               |       |       |     1 |     8 |     5 ||    14
       Lamp of fire      |       |       |       |       |     2 ||     2
  Use: Potion            |     2 |     1 |       |     1 |       ||     4
       Scroll            |       |       |       |     1 |       ||     1
 Stab: Invisible         |       |     6 |       |       |       ||     6
       Confused          |       |       |       |     1 |       ||     1
  Eat: Chunk             |       |       |       |     4 |     2 ||     6
       Fruit             |       |       |       |     3 |       ||     3
       Bread ration      |       |       |       |       |     1 ||     1
